 Dungeon Crawl Stone Soup version 0.31.0-9-g3a7656b989 (webtiles) character file.

Game seed: 11884065191557191353

3481 Xavori the Carver (level 10, -3/72 HPs)
             Began as a Djinni Chaos Knight on Jan 25, 2024.
             Was a Plaything of Xom.
             Slain by a troll (9 damage)
             ... on level 7 of the Dungeon.
             The game lasted 00:08:00 (11434 turns).

Xavori the Carver (Djinni Chaos Knight)            Turns: 11434, Time: 00:08:01

Health: -3/72      AC:  9    Str: 11    XL:     10   Next: 27%
Gold:   1268       EV: 14    Int: 22    God:    Xom [.*....] SH:  0 Dex: 13

rFire   + . .        i - +2 demon blade (drain)
rCold   . . .        (no shield)
rNeg    . . .        b - +2 leather armour
rPois   ∞            (no helmet)
rElec   .            (no cloak)
rCorr   .            I - +1 pair of gloves
SInv    .            (boots unavailable)
Will    ++...        C - amulet of faith
Stlth   +            y - ring of ice
HPRegen 0.32/turn    B - ring of willpower
MPRegen 0.00/turn

%: faith, infuse magic (-4 HP)
@: flying
A: sickness immunity, fire resistance 2, cold vulnerability 1, float, innate
caster, HP casting, extra vitality 1, iridescent scales 1, clever 2, sense
surroundings 1, teleportitis 1, MP-powered wands, sturdy frame 1
a: Renounce Religion


You were on level 7 of the Dungeon.
You worshipped Xom.
You were a plaything of Xom.
You visited 1 branch of the dungeon, and saw 7 of its levels.

You collected 1268 gold pieces.

Inventory:

Hand Weapons
 i - a +2 demon blade of draining (weapon)
 G - a +5 scimitar
Missiles
 l - a throwing net (quivered)
 F - 16 darts of dispersal
Armour
 b - a +2 leather armour (worn)
 o - the +0 ring mail "Amouvvik" {Dex+4}
   (You found it on level 3 of the Dungeon)

   Dex+4:     It affects your dexterity (+4).
 I - a +1 pair of gloves (worn)
Jewellery
 e - an amulet of regeneration
 y - a ring of ice (left hand)
 B - a ring of willpower (right hand)
 C - an amulet of faith (around neck)
Wands
 s - a wand of charming (13)
 u - a wand of quicksilver (6)
 A - a wand of iceblast (2)
Scrolls
 c - a scroll of butterflies
 f - a scroll of revelation
 g - a scroll of blinking {unknown}
 k - 3 scrolls of enchant armour
 n - a scroll of brand weapon
 q - a scroll of teleportation {unknown}
 r - 2 scrolls of vulnerability
 v - a scroll of noise {unknown}
 D - a scroll of fog {unknown}
 E - 2 scrolls of amnesia {unknown}
 H - a scroll of fear {unknown}
Potions
 a - a potion of enlightenment {unknown}
 d - 2 potions of ambrosia {unknown}
 h - 3 potions of haste {unknown}
 m - 3 potions of degeneration {unknown}
 p - 2 potions of resistance {unknown}
 t - a potion of mutation {unknown}
 w - a potion of brilliance {unknown}
 x - a potion of might {unknown}
 z - a potion of attraction {unknown}


   Skills:
 + Level 6.0 Fighting
 + Level 9.0 Long Blades
 + Level 3.7 Armour
 + Level 5.4 Dodging
 * Level 3.5 Spellcasting
 * Level 3.5 Conjurations
 * Level 3.5 Hexes
 * Level 3.5 Summonings
 * Level 3.5 Necromancy
 * Level 3.5 Translocations
 * Level 3.5 Fire Magic
 * Level 3.5 Ice Magic
 * Level 3.5 Air Magic
 * Level 3.5 Earth Magic
 * Level 3.5 Alchemy
 * Level 4.6 Evocations


You knew the following spells:

 Your Spells              Type           Power      Damage    Failure   Level
a - Apportation           Tloc           38%        N/A       3%          1
b - Mercury Vapours       Alch/Air       38%        N/A       4%          2
c - Vampiric Draining     Necr           19%        2d7       9%          3
d - Leda's Liquefaction   Alch/Erth      9%         N/A       28%         4
Your spell library was empty.

Dungeon Overview and Level Annotations

Branches:
Dungeon (7/15)             Temple (0/1) D:5

Altars:
Ashenzari
Fedhas
Hepliaklqana
Trog
Yredelemnul


Innate Abilities, Weirdness & Mutations

You are immune to sickness and miasma.
You are immune to poison.
Your flesh is very heat resistant. (rF++)
You are vulnerable to cold. (rC-)
You float through the air rather than walking.
You learn spells naturally, not from books.
Your magical power is your life essence.
You have superior vitality. (+4 MHP)
You are partially covered in iridescent scales. (AC +2)
Your mind is very acute. (Int +8, Str/Dex -2)
You passively map a small area around you.
You are occasionally teleported next to monsters.
You expend health (3 HP) to strengthen your wands.
Your movements are slightly less encumbered by armour. (ER -2)


Message History

There is an open door here.
You feel yourself speed up.
The centaur shoots an arrow.
The arrow hits you.
* * * LOW HITPOINT WARNING * * *
The centaur shoots an arrow.
The arrow closely misses you.
There is an open door here.
You feel better.
The centaur shoots an arrow.
The arrow hits you.
* * * LOW HITPOINT WARNING * * *
The centaur unwields a +0 shortbow.
The centaur hits you but does no damage.
The centaur kicks you but does no damage.
There is an open door here.
You hit the centaur but do no damage.
The centaur is severely wounded.
Xom's power touches on a nearby weapon.
The centaur's +0 shortbow erupts in a glittering mayhem of colour.
The centaur hits you but does no damage.
The centaur closely misses you.
You hit the centaur but do no damage.
The centaur is severely wounded.
The centaur closely misses you. The centaur kicks you.
* * * LOW HITPOINT WARNING * * *
You closely miss the centaur. Your punch misses the centaur.
The centaur is severely wounded.
The centaur barely misses you.
The centaur kicks you but does no damage.
The troll barely misses you. x3
The centaur wields a +3 shortbow of chaos.
It is briefly surrounded by a scintillating aura of random colours.
The centaur shoots an arrow.
The arrow closely misses you. The troll attacks as it pursues you!
The troll completely misses you. The troll claws you!
* * * LOW HITPOINT WARNING * * *
The troll barely misses you.
Okay, then.
You feel better. The troll bites you!
* * * LOW HITPOINT WARNING * * *
The troll claws you!
You die...
Xom cackles wildly!

..# ** * ..####### *** ........#
* , , ,, ###'###..# ###+### *
#.....## ,* * ##..#))##
...##..## ,, ##..#.#..## ,
...##...####+####..#####..##,, *
......#..#.....#..##* #.#..# , *
###..###.#.#.#.#@##* 8.###.# ,
.........'.÷).cT#.#$888 #.#+, ,
)...###..##.#.##.###.8,*##.# ,
......#..#....)#..###! ##..#..#
....#...####'####..#####..##..*,
..###..###.....###..#.#..##KK,*
#.....###.#####.###..#..##K.*
###+####.##$:)##c####'###K. * ,
#.##..)..##T#.....#K#* **


You could see a troll and a centaur.

Vanquished Creatures
  The ghost of Zeo the Shooter, an amateur DrHu (D:5)
  A yak (D:7)
  Menkaure (D:5)
  A naga (shapeshifter) (D:6)
  Duvessa (D:4)
  A black bear (D:6)
  2 ice beasts
  2 ogres
  A centaur (D:7)
  3 kobold brigands
  4 scorpions
  5 wights (D:6)
  5 killer bees (D:7)
  4 bombardier beetles
  A howler monkey (D:7)
  3 jellies
  4 orc priests
  7 hounds
  3 iguanas
  3 orc wizards
  2 sleepcaps
  Ijyb (D:4)
  4 gnolls (D:5)
  6 adders
  A shadow imp (D:5)
  2 ufetubi (D:5)
  4 dart slugs
  9 orcs
  6 endoplasms
  A giant cockroach (D:1)
  4 goblins
  6 hobgoblins
  8 jackals (D:3)
  3 quokkas
  3 ball pythons
  6 bats
  5 frilled lizards
  15 kobolds
  3 rats
142 creatures vanquished.

Vanquished Creatures (collateral kills)
  A wraith (D:7)
  A scorpion (D:4)
  Dowan (D:4)
  An orc priest (D:4)
  An orc (D:4)
  An endoplasm (D:1)
  A quokka (D:4)
7 creatures vanquished.

Vanquished Creatures (others)
  A troll (D:7)
  A killer bee (D:7)
  A shadow imp (D:5)
3 creatures vanquished.

Grand Total: 152 creatures vanquished

Notes
Turn   | Place    | Note
-------+----------+-------------------------------------------
     0 | D:1      | Xavori the Djinni Chaos Knight began the quest for the Orb.
     0 | D:1      | Reached XP level 1. HP: 20/20 MP: 0/0
    93 | D:1      | XOM: divination: magic mapping
   196 | D:1      | Reached XP level 2. HP: 18/25 MP: 0/0
   715 | D:1      | Reached skill level 3 in Long Blades
   746 | D:1      | XOM: divination: detect items
   785 | D:1      | XOM: silly message
   883 | D:1      | Reached XP level 3. HP: 30/30 MP: 0/0
   883 | D:1      | Learned a level 1 spell: Apportation
  1802 | D:1      | XOM: cloud trail
  2601 | D:1      | XOM: divination: detect creatures
  2658 | D:1      | XOM: give mutations
  2658 | D:1      | Gained mutation: You expend health (3 HP) to strengthen
                  | your wands. [Xom's grace]
  2658 | D:1      | Gained mutation: Your mind is acute. (Int +4, Str/Dex -1)
                  | [Xom's grace]
  2658 | D:1      | Gained mutation: You passively map a small area around you.
                  | [Xom's grace]
  4195 | D:1      | XOM: god gift: dark potion {god gift}
  4575 | D:1      | XOM: scenery: summon butterflies
  4878 | D:1      | XOM: give mutation
  4878 | D:1      | Gained mutation: Your mind is very acute. (Int +8, Str/Dex
                  | -2) [Xom's grace]
  4882 | D:1      | XOM is BORED!
  4882 | D:1      | XOM: silly message
  5086 | D:1      | XOM: silly message
  5818 | D:1      | XOM: silly message
  6106 | D:1      | XOM: silly message
  6278 | D:1      | XOM is BORED!
  6278 | D:1      | XOM: silly message
  6441 | D:1      | XOM: noise
  6511 | D:1      | XOM: give mutation
  6511 | D:1      | Gained mutation: You are partially covered in iridescent
                  | scales. (AC +2) [Xom's grace]
  7403 | D:2      | XOM: summons 2 hostile demons
  7641 | D:2      | XOM: cloud trail
  7683 | D:2      | XOM: god gift: 15 gold pieces
  7699 | D:2      | XOM: enchant monster (bad)
  7949 | D:3      | XOM: enchant monster (good)
  8025 | D:3      | Reached XP level 4. HP: 33/35 MP: 0/0
  8027 | D:3      | Identified the +0 ring mail "Amouvvik" {Dex+4}
  8127 | D:3      | Identified the +3 war axe of Cowardice {drain, rC+ Will+
                  | SInv}
  8206 | D:3      | XOM: stat loss: -1 Dex (15/16)
  8240 | D:3      | Noticed a scorpion
  8246 | D:3      | XOM: silly message
  8247 | D:3      | Killed a scorpion
  8248 | D:3      | Reached skill level 1 in Spellcasting
  8248 | D:3      | Reached skill level 1 in Conjurations
  8248 | D:3      | Reached skill level 1 in Hexes
  8248 | D:3      | Reached skill level 1 in Summonings
  8248 | D:3      | Reached skill level 1 in Necromancy
  8248 | D:3      | Reached skill level 1 in Translocations
  8248 | D:3      | Reached skill level 1 in Fire Magic
  8248 | D:3      | Reached skill level 1 in Ice Magic
  8248 | D:3      | Reached skill level 1 in Air Magic
  8248 | D:3      | Reached skill level 1 in Earth Magic
  8248 | D:3      | Reached skill level 1 in Alchemy
  8248 | D:3      | Reached XP level 5. HP: 35/40 MP: 0/0
  8248 | D:3      | Learned a level 2 spell: Mercury Vapours
  8362 | D:3      | XOM: god gift: 5 stones
  8618 | D:3      | XOM: summons 2 hostile shadow creatures
  8648 | D:3      | Identified a scroll of acquirement
  8649 | D:3      | Acquired a +2 demon blade of draining
  8689 | D:4      | Reached XP level 6. HP: 44/47 MP: 0/0
  8697 | D:4      | Reached skill level 4 in Long Blades
  8721 | D:4      | Found the +6 shillelagh "Devastator" {shatter}
  8733 | D:4      | XOM: summons 1 hostile shadow creature
  8799 | D:4      | Reached XP level 7. HP: 52/52 MP: 0/0
  8799 | D:4      | Learned a level 3 spell: Vampiric Draining
  8803 | D:4      | Noticed Dowan
  8822 | D:4      | Killed Dowan
  8823 | D:4      | Reached skill level 5 in Long Blades
  8830 | D:4      | Acquired 1000 gold pieces
  8846 | D:4      | Noticed Ijyb
  8852 | D:4      | Killed Ijyb
  8987 | D:4      | Noticed Duvessa
  8994 | D:4      | Killed Duvessa
  9161 | D:4      | Found a broken altar of Ashenzari.
  9161 | D:4      | Found a hazy altar of Hepliaklqana.
  9165 | D:4      | Reached XP level 8. HP: 58/58 MP: 0/0
  9169 | D:4      | Found a bloodstained altar of Trog.
  9171 | D:4      | Found a faded altar of an unknown god.
  9173 | D:4      | Found a faded altar of an unknown god.
  9207 | D:5      | Entered Level 5 of the Dungeon
  9208 | D:5      | Found a staircase to the Ecumenical Temple.
  9211 | D:5      | Noticed Menkaure
  9217 | D:5      | Killed Menkaure
  9218 | D:5      | Reached skill level 6 in Long Blades
  9218 | D:5      | Reached skill level 1 in Evocations
  9420 | D:5      | XOM: destruction
  9458 | D:5      | XOM: smoke on damage
  9583 | D:5      | Found a runed translucent gate.
  9584 | D:5      | Found a runed translucent gate.
  9585 | D:5      | Found a runed translucent gate.
  9604 | D:5      | XOM: noise
  9671 | D:5      | XOM: cloud trail
  9684 | D:5      | Reached XP level 9. HP: 45/64 MP: 0/0
  9684 | D:5      | Learned a level 4 spell: Leda's Liquefaction
  9793 | D:5      | Noticed Zeo's ghost (amateur DrHu)
  9845 | D:5      | XOM: confuse monster(s)
  9868 | D:5      | Killed Zeo's ghost
  9869 | D:5      | Reached skill level 7 in Long Blades
  9871 | D:5      | Reached skill level 5 in Fighting
  9920 | D:5      | XOM: scenery: summon butterflies
 10141 | D:6      | XOM: give mutation
 10141 | D:6      | Gained mutation: Your movements are slightly less
                  | encumbered by armour. (ER -2) [Xom's grace]
 10181 | D:6      | XOM: confuse monster(s)
 10193 | D:6      | XOM: swap monsters
 10273 | D:6      | XOM: chaos upgrade
 10276 | D:6      | XOM: summons friendly crimson imp
 10278 | D:6      | XOM: confusion (+ monsters)
 10286 | D:6      | XOM: blink monster(s)
 10362 | D:6      | XOM: swap monsters
 10373 | D:6      | Reached skill level 5 in Dodging
 10623 | D:6      | Reached skill level 8 in Long Blades
 10667 | D:6      | XOM: 7-stop teleportation journey
 10816 | D:6      | XOM: polymorph scorpion -> shapeshifter
 10859 | D:6      | XOM: give mutation
 10859 | D:6      | Gained mutation: You are occasionally teleported next to
                  | monsters. [Xom's mischief]
 11044 | D:7      | XOM: swap monsters
 11055 | D:7      | Reached XP level 10. HP: 36/72 MP: 0/0
 11223 | D:7      | Found a blossoming altar of Fedhas.
 11223 | D:7      | Found a basalt altar of Yredelemnul.
 11223 | D:7      | XOM: 2-stop teleportation journey
 11234 | D:7      | XOM: enchant monster (good)
 11242 | D:7      | XOM: enchant monster (good)
 11371 | D:7      | XOM: noise
 11401 | D:7      | Noticed a kobold demonologist
 11422 | D:7      | Reached skill level 9 in Long Blades
 11430 | D:7      | XOM: chaos upgrade
 11434 | D:7      | Slain by a troll

Illustrated notes

Levels and vault maps discovered:
D:1:      dpeg_arrival_signposts, layout_basic, minmay_misc_feat_chi,
          minmay_misc_feat_rugged
D:2:      layout_rooms
D:3:      layout_basic
D:4:      layout_rooms, chequers_temple_overflow_minitemple, uniq_ijyb,
          uniq_duvessa
D:5:      layout_basic, minmay_temple_entry_statues_fountains,
          gammafunk_ghost_split, serial_glass, glass_columns_a, glass_columns_a,
          cheibrodos_gnoll_hut, uniq_menkaure
D:6:      layout_basic, minmay_unpleasant_kobolds
D:7:      minmay_the_grid_octo_tiled_octocenter
          [minmay_the_grid_octo_fat_diamond,
          minmay_the_grid_octo_tetromino_candy,
          minmay_the_grid_octo_checkerflower, minmay_the_grid_octo_empty,
          minmay_the_grid_octo_prize_big_c,
          minmay_the_grid_square_5x5_checkered_sparse,
          minmay_the_grid_square_5x5_eight_small,
          minmay_the_grid_square_5x5_shuriken,
          minmay_the_grid_square_5x5_two_walls_a], layout_basic,
          grunt_temple_overflow_open, small_statue_intersection,
          nicolae_shop_gadgets

Skill      XL: |  1  2  3  4  5  6  7  8  9 10 |
---------------+-------------------------------+-----
Long Blades    | 3 4 5 6 8 9 |  9.0
Armour         | 2 3 |  3.7
Dodging        | 3 4 5 |  5.4
Spellcasting   | 1 2 3 |  3.5
Conjurations   | 1 2 3 |  3.5
Hexes          | 1 2 3 |  3.5
Summonings     | 1 2 3 |  3.5
Necromancy     | 1 2 3 |  3.5
Translocations | 1 2 3 |  3.5
Fire Magic     | 1 2 3 |  3.5
Ice Magic      | 1 2 3 |  3.5
Air Magic      | 1 2 3 |  3.5
Earth Magic    | 1 2 3 |  3.5
Alchemy        | 1 2 3 |  3.5
Fighting       | 4 5 6 |  6.0
Evocations     | 2 4 |  4.6

Action                     |  1- 3 |  4- 6 |  7- 9 | 10-12 || total
---------------------------+-------+-------+-------+-------++-------
  Melee: Falchion          |   112 |    51 |       |       ||   163
         Punch             |     1 |     1 |     3 |       ||     5
         Demon blade       |       |    27 |   252 |    46 ||   325
   Cast: Mercury Vapours   |       |       |       |     1 ||     1
  Evoke: Wand              |       |       |       |     1 ||     1
    Use: Scroll            |       |     2 |     6 |       ||     8
         Potion            |       |       |       |     2 ||     2
   Stab: Confused          |       |       |     5 |       ||     5
         Sleeping          |       |       |     1 |       ||     1
         Paralysed         |       |       |       |     3 ||     3
 Armour: Leather armour    |   103 |    33 |   141 |    55 ||   332
         Ring mail         |       |    27 |       |       ||    27
  Dodge: Dodged            |    97 |    68 |   148 |    46 ||   359
